 Dungeon Crawl Stone Soup version 0.31-a0-38-g1548c4f2a5 (webtiles) character file.

Game seed: 8399241735273578552

21 subawu the Magician (level 2, -2/20 HPs)
             Began as a Draconian Hedge Wizard on May 16, 2023.
             Slain by a worm (6 damage)
             ... on level 2 of the Dungeon.
             The game lasted 00:03:39 (1179 turns).

subawu the Magician (Draconian Hedge Wizard)        Turns: 1179, Time: 00:03:40

Health: -2/20      AC:  4    Str: 12    XL:     2   Next: 62%
Magic:  5/6        EV: 12    Int: 14    God:
Gold:   83         SH:  0    Dex: 10    Spells: 4/7 levels left

rFire   . . .        a - +0 dagger
rCold   . . .        (no shield)
rNeg    . . .        (body armour unavailable)
rPois   .            b - +0 hat
rElec   .            (no cloak)
rCorr   .            (no gloves)
SInv    .            (no boots)
Will    .....        i - amulet of magic regeneration
Stlth   ++           (no ring)
HPRegen 0.23/turn    (no ring)
MPRegen 0.50/turn

%: no passive effects
@: slowed, very slow
A: AC +4, unfitting armour, cold-blooded
a: no special abilities


You were on level 2 of the Dungeon.
You visited 1 branch of the dungeon, and saw 2 of its levels.

You collected 83 gold pieces.

Inventory:

Hand Weapons
 a - a +0 dagger (weapon)
Armour
 b - a +0 hat (worn)
 e - a +2 helmet
Jewellery
 i - an amulet of magic regeneration (around neck)
Scrolls
 d - a scroll of enchant armour {unknown}
 f - a scroll of fog {unknown}
 j - a scroll of identify {unknown}
Potions
 c - a potion of magic
 g - a potion of mutation {unknown}
 h - a potion of attraction {unknown}


   Skills:
 + Level 2.0 Dodging
 + Level 2.0 Stealth
 + Level 3.1 Spellcasting
 + Level 1.5 Conjurations
 + Level 1.3 Summonings
 + Level 1.3 Translocations


You had 4 spell levels left.
You knew the following spells:

 Your Spells              Type           Power      Damage    Failure   Level
a - Magic Dart            Conj           24%        1d4       12%         1
b - Blink                 Tloc           10%        N/A       19%         2

Your spell library contained the following spells:

 Spells                   Type           Power      Damage    Failure   Level
 Call Imp                 Summ           10%        N/A       19%         2
 Slow                     Hex            8%         N/A       22%         1
 Cigotuvi's Dreadful Rot  Necr/Pois/Air  4%         N/A       32%         2
 Call Canine Familiar     Summ           5%         N/A       36%         3
 Portal Projectile        Hex/Tloc       8%         N/A       43%         3
 Mephitic Cloud           Conj/Pois/Air  3%         N/A       45%         3
 Leda's Liquefaction      Hex/Erth       1%         N/A       91%         4


Dungeon Overview and Level Annotations

Branches:
Dungeon (2/15)

Altars:


Innate Abilities, Weirdness & Mutations

Your plain brown scales are hard. (AC +4)
You cannot fit into any form of body armour.
You are cold-blooded and may be slowed by cold attacks.


Message History

The hobgoblin is almost dead.
The hobgoblin hits you.
You completely miss the hobgoblin.
The hobgoblin is almost dead.
The hobgoblin hits you but does no damage.
You closely miss the hobgoblin.
The hobgoblin is almost dead.
The hobgoblin barely misses you.
You barely miss the hobgoblin.
The hobgoblin is almost dead.
The hobgoblin closely misses you.
You hit the hobgoblin.
You kill the hobgoblin!
The endoplasm barely misses you.
You hit the worm.
The worm is lightly wounded.
The worm bites you! The endoplasm freezes you.
You are frozen.
You hit the worm but do no damage.
The worm is lightly wounded.
The endoplasm freezes you.
You are frozen.
You hit the worm but do no damage.
Your tail-slap misses the worm.
The worm is lightly wounded.
The worm barely misses you. The endoplasm freezes you.
You are frozen.
* * * LOW HITPOINT WARNING * * *
You feel yourself slow down.
Casting: Magic Dart (safe; 12% risk of failure)
Confirm with . or Enter, or press ? or * to list all spells.
Aiming: Magic Dart (safe; 12% risk of failure)
Press: ? - help, Shift-Dir - straight line, f - worm
Aim: a worm (lightly wounded, 100% to hit)
The magic dart hits the worm.
The worm is lightly wounded.
The endoplasm hits you but does no damage.
The worm bites you.
You die...

........[.
#...[.?.... .
...........####.
#..#............
.♣#............)###
b................
#............#
#(.#.......J†#
#...(....$.w@#
#.....>.....$#
#...<........#
#?..............
#..........#####
#..........#
#..........#
#............
#.............


You could see a worm and an endoplasm.

Vanquished Creatures
  2 endoplasms (D:1)
  2 giant cockroaches (D:1)
  4 goblins (D:1)
  2 hobgoblins
  A frilled lizard (D:1)
  4 kobolds (D:1)
  3 rats (D:1)
18 creatures vanquished.

Notes
Turn   | Place    | Note
-------+----------+-------------------------------------------
     0 | D:1      | subawu the Draconian Hedge Wizard began the quest for the
                  | Orb.
     0 | D:1      | Reached XP level 1. HP: 14/14 MP: 4/4
   443 | D:1      | Reached XP level 2. HP: 20/20 MP: 6/6
   544 | D:1      | Learned a level 2 spell: Blink
  1179 | D:2      | Slain by a worm

Illustrated notes

Levels and vault maps discovered:
D:1:      dpeg_arrival_windows_large_door, layout_basic
D:2:      kb_forest_paths, layout_rooms, shapermc_ecumenical_altar_hornbeckon,
          minmay_tetromino_i2

Skill      XL: |  1  2 |
---------------+-------+-----
Dodging        | 2 |  2.0
Stealth        | 2 |  2.0
Spellcasting   | |  3.1
Conjurations   | |  1.5
Summonings     | |  1.3
Translocations | |  1.3

Action                     || total
---------------------------++-------
  Melee: Dagger            ||    61
         Tailslap          ||     6
   Cast: Magic Dart        ||     2
 Armour: Skin              ||    14
  Dodge: Dodged            ||    51

Table legend: (Time is in decaauts)
 A = Elapsed time spent in this place.
 B = Non-inter-level travel time spent in this place.
 C = Inter-level travel time spent in this place.
 D = Time resting spent in this place.
 E = Time spent auto-exploring this place.
 F = Levels seen in this place.
 G = Mean time per level.
                   A        B        C        D        E       F      G
               +--------+--------+--------+--------+--------+-----+--------+
         Total |   1182 |   1051 |    131 |     66 |    250 |   2 |  591.0 |
       Dungeon |   1182 |   1051 |    131 |     66 |    250 |   2 |  591.0 |
               +--------+--------+--------+--------+--------+-----+--------+

Top non-repeatable levels by time:
     D:1: 1160 daAuts
     D:2: 22 daAuts
